 Dungeon Crawl Stone Soup version 0.29.1-15-g9cfb28693d (webtiles) character file.

Game seed: 6399647047331557752

352 sanboga the Conjurer (level 6, -2/32 HPs)
             Began as a Deep Elf Conjurer on Feb 28, 2023.
             Was an Initiate of Vehumet.
             Slain by Duvessa
             ... wielding a +0 short sword
              (8 damage)
             ... on level 4 of the Dungeon.
             The game lasted 00:10:18 (4976 turns).

sanboga the Conjurer (Deep Elf Conjurer)            Turns: 4976, Time: 00:10:19

Health: -2/32      AC:  2    Str:  4    XL:     6   Next: 34%
Magic:  12/15      EV: 12    Int: 25    God:    Vehumet [......]
Gold:   1347       SH:  0    Dex: 13    Spells: 10/15 levels left

rFire   + . .      SeeInvis .   (no weapon)
rCold   . . .      Faith    .   (no shield)
rNeg    . . .      Spirit   .   a - +0 robe
rPois   .          Reflect  .   (no helmet)
rElec   .          Harm     .   (no cloak)
rCorr   .          Rampage  .   (no gloves)
Will    .....                   (no boots)
Stlth   +++.......              (no amulet)
HPRegen 0.10/turn               m - ring of protection from fire
MPRegen 0.14/turn               (no ring)

@: very slightly contaminated
A: no striking features
a: Renounce Religion


You were on level 4 of the Dungeon.
You worshipped Vehumet.
Vehumet was noncommittal.
You visited 2 branches of the dungeon, and saw 5 of its levels.

You collected 1347 gold pieces.

Inventory:

Armour
 a - a +0 robe (worn)
Jewellery
 m - a ring of protection from fire (left hand)
Scrolls
 e - a scroll of blinking {unknown}
 n - a scroll of enchant armour {unknown}
 o - a scroll of fear {unknown}
Potions
 c - a potion of degeneration
 d - 3 potions of heal wounds
 f - 2 potions of brilliance
 g - 2 potions of curing
 h - a potion of mutation {unknown}
 i - a potion of cancellation
 j - a potion of flight {unknown}
 l - 2 potions of attraction {unknown}


   Skills:
 - Level 2.4 Dodging
 + Level 4.8 Stealth
 + Level 5.2 Spellcasting
 * Level 6.7 Conjurations


You had 10 spell levels left.
You knew the following spells:

 Your Spells              Type           Power      Damage    Failure   Level
a - Magic Dart            Conj           100%       1d8       1%          1
b - Fulminant Prism       Conj/Hex       11%        3d9       21%         4

Your spell library contained the following spells:

 Spells                   Type           Power      Damage    Failure   Level
 Searing Ray              Conj           80%        2d7       1%          2
 Dazzling Flash           Conj/Hex       46%        N/A       6%          3
 Freeze                   Ice            24%        1d5       9%          1
 Sting                    Tmut/Pois      24%        1d4       9%          1
 Poisonous Vapours        Pois/Air       12%        N/A       12%         2
 Hailstorm                Conj/Ice       23%        3d7       21%         4
 Iskenderun's Mystic Bla  Conj/Tloc      23%        2d6       21%         4
 Frozen Ramparts          Ice            12%        1d2       24%         3
 Olgreb's Toxic Radiance  Pois           6%         N/A       63%         4


Dungeon Overview and Level Annotations

Branches:
Dungeon (4/15)             Temple (1/1) D:4

Altars:
Nemelex Xobeh
Qazlal
Ru
Uskayaw
Vehumet
Wu Jian
Zin

Annotations:
D:4 Duvessa


Message History

Confirm with . or Enter, or press ? or * to list all spells.
You don't have enough magic to cast this spell.
Casting: Magic Dart (safe; 1% risk of failure)
Confirm with . or Enter, or press ? or * to list all spells.
You don't know that spell.
Magic courses through your body. Duvessa misses you.
Dowan hits you with a +0 dagger.
Your fulminant prism explodes!
The blast of energy engulfs Dowan!
You kill Dowan!
Vehumet accepts your kill.
Duvessa screams in rage.
Duvessa goes berserk!
Casting: Magic Dart (safe; 1% risk of failure)
Confirm with . or Enter, or press ? or * to list all spells.
Aiming: Magic Dart (safe; 1% risk of failure)
Press: ? - help, Shift-Dir - straight line, f/p - Duvessa
Aim: Duvessa, wielding a +0 short sword and wearing a +3 ring mail of cold resistance (heavily wounded, berserk, 100% to hit)
The magic dart hits Duvessa.
Duvessa is heavily wounded.
Duvessa closely misses you. Duvessa hits you with a +0 short sword!
Casting: Magic Dart (safe; 1% risk of failure)
Confirm with . or Enter, or press ? or * to list all spells.
Aiming: Magic Dart (safe; 1% risk of failure)
Press: ? - help, Shift-Dir - straight line, f/p - Duvessa
Aim: Duvessa, wielding a +0 short sword and wearing a +3 ring mail of cold resistance (heavily wounded, berserk, 100% to hit)
The magic dart hits Duvessa but does no damage.
Duvessa is heavily wounded.
Duvessa barely misses you.
Casting: Magic Dart (safe; 1% risk of failure)
Confirm with . or Enter, or press ? or * to list all spells.
Aiming: Magic Dart (safe; 1% risk of failure)
Press: ? - help, Shift-Dir - straight line, f/p - Duvessa
Aim: Duvessa, wielding a +0 short sword and wearing a +3 ring mail of cold resistance (heavily wounded, berserk, 100% to hit)
The magic dart hits Duvessa!
Duvessa is severely wounded.
Duvessa hits you with a +0 short sword!
* * * LOW HITPOINT WARNING * * *
Duvessa hits you with a +0 short sword!
You die...

#### ..# #.#######
####.##....#######
#.......##.......# #
#.##.###########e##.#
.....# #@)'.# .....#
####.# #.#.## #
#.#.##########
#.#.##.......#
#.#.##....)..#
....##.......#
.............#
#...##.......#


You could see Duvessa (berserk).

Vanquished Creatures
  Dowan (D:4)
  2 hounds (D:4)
  3 orc wizards
  3 adders
  A river rat (D:3)
  3 worms (D:3)
  5 dart slugs
  6 orcs
  10 endoplasms
  2 giant cockroaches (D:3)
  10 goblins
  5 hobgoblins
  7 jackals (D:2)
  9 quokkas
  8 ball pythons
  7 bats
  5 frilled lizards
  8 kobolds
  11 rats
106 creatures vanquished.

Vanquished Creatures (others)
  5 fulminant prisms
5 creatures vanquished.

Grand Total: 111 creatures vanquished

Notes
Turn   | Place    | Note
-------+----------+-------------------------------------------
     0 | D:1      | sanboga the Deep Elf Conjurer began the quest for the Orb.
     0 | D:1      | Reached XP level 1. HP: 10/10 MP: 6/6
   157 | D:1      | Reached XP level 2. HP: 15/15 MP: 6/8
   517 | D:1      | Reached skill level 5 in Conjurations
   548 | D:1      | Found a faded altar of an unknown god.
   637 | D:1      | Reached XP level 3. HP: 19/19 MP: 8/10
  1957 | D:2      | Reached XP level 4. HP: 24/24 MP: 9/11
  2137 | D:2      | Learned a level 4 spell: Fulminant Prism
  2686 | D:3      | Found a sacrificial altar of Ru.
  3221 | D:3      | Reached XP level 5. HP: 23/28 MP: 10/13
  3385 | D:3      | Identified 2 scrolls of acquirement
  3385 | D:3      | Acquired a book of Frost
  3392 | D:3      | Reached skill level 6 in Conjurations
  3685 | D:3      | Acquired 1137 gold pieces
  3857 | D:3      | Found a stormy altar of Qazlal.
  4349 | D:4      | Found a staircase to the Ecumenical Temple.
  4425 | Temple   | Entered the Ecumenical Temple
  4467 | Temple   | Became a worshipper of Vehumet
  4486 | D:4      | Reached XP level 6. HP: 28/32 MP: 12/15
  4767 | D:4      | Reached skill level 5 in Spellcasting
  4965 | D:4      | Noticed Duvessa
  4965 | D:4      | Noticed Dowan
  4973 | D:4      | Killed Dowan
  4976 | D:4      | Slain by Duvessa

Illustrated notes

Levels and vault maps discovered:
D:1:      lightli_molten_gateway, layout_basic,
          shapermc_ecumenical_altar_acropolis, serial_bayou_crossing
D:2:      layout_basic
D:3:      layout_loops_ring, nicolae_qazlal_eye_of_the_storm,
          nicolae_ru_awakened_eye, gup_sewer_entry_spiral, minivault_25,
          kennysheep_generic_room_13
D:4:      layout_loops_cross, gammafunk_temple_overflow_elements,
          minmay_temple_entry_tees, uniq_duvessa
Temple:   nicolae_temple_bog_church

Skill      XL: |  1  2  3  4  5  6 |
---------------+-------------------+-----
Stealth        | 3 4 |  4.8
Conjurations   | 5 6 |  6.7
Spellcasting   | 4 5 |  5.2
Dodging        | |  2.4

Action                   |  1- 3 |  4- 6 || total
-------------------------+-------+-------++-------
Melee: Unarmed           |       |     9 ||     9
 Cast: Magic Dart        |    84 |   125 ||   209
       Fulminant Prism   |       |     5 ||     5
  Use: Scroll            |       |    10 ||    10
       Potion            |       |     3 ||     3
Armor: Robe              |       |     3 ||     3
Dodge: Dodged            |     4 |    29 ||    33
